Punishers vs Rocket
Created - January 11, 2023 at 19:36
Goals
|
Punishers |
0 |
3 |
0 |
1 |
4 |
Rocket |
1 |
2 |
0 |
0 |
3 |
|
Shots
|
Punishers |
11 |
18 |
5 |
1 |
35 |
Rocket |
11 |
21 |
11 |
0 |
43 |
|
1st period
1. Rocket , Ty Rattie 4 (Jiri Sekac 7, Dean Kukan 6) at 16:51
Penalties :
Tanner Jeannot (Pro) for Hooking (Minor) at 14:11
2nd period
2. Rocket , Dylan DeMelo 1 (Peter Holland 18, Scott Wilson 19) at 1:39 (PP)
3. Punishers , Nicolas Roy 1 (Tanner Jeannot 6, Carson Meyer 1) at 2:39
4. Punishers , Anton Blidh 5 (Carter Ashton 5, Kevin Roy 4) at 6:14
5. Punishers , Carter Ashton 9 (Kevin Roy 5, Anton Blidh 8) at 8:54
6. Rocket , Danton Heinen 20 (Adrian Kempe 27, Corey Trivino 21) at 11:40 (PP)
Penalties :
Fredrik Claesson (Pro) for Holding (Minor) at 1:07, John Hayden (Pro) for Diving (Minor) at 11:32
3rd period
No Goal
Penalties :
Tanner Jeannot (Pro) for Hooking (Minor) at 3:19, Tanner Jeannot (Pro) for Holding (Minor) at 6:55, Adam Fox (Lav) for High sticking (Minor) at 12:53
Overtime #1
7. Punishers , Carter Ashton 10 (Phillip Danault 9, Connor Clifton 2) at 0:50
Penalties :
No Penalty
Goalie Stats
Louis Domingue (Pro), 40 saves from 43 shots - (0.930), W, 7-8-2, 60:50 minutes
Igor Shesterkin (Lav), 31 saves from 35 shots - (0.886), OTL, 14-3-4, 60:50 minutes
Players Stats for Punishers
Player Name G A P +/- PIM S H SB GA TA FO MP PP MP PK MP
------------------------------------------------------------------------------------
Alexander Nylander 0 0 0 1 0 0 0 0 0 0 0/0 3:23 0:00 0:00
Anton Blidh 1 1 2 2 0 5 2 0 0 0 0/0 16:57 0:55 0:32
Austen Brassard 0 0 0 -1 0 0 0 0 1 0 1/1 14:11 0:00 1:03
Ben Betker 0 0 0 1 0 2 2 2 0 1 0/0 27:51 0:50 3:49
Ben Meyers 0 0 0 0 0 0 0 0 0 0 0/0 1:53 0:00 0:03
Carson Meyer 0 1 1 1 0 4 2 0 0 0 0/0 15:59 0:00 0:00
Carter Ashton 2 1 3 3 0 8 2 0 1 0 0/0 17:32 0:55 1:25
Connor Clifton 0 1 1 1 0 3 0 1 0 0 0/0 21:14 1:09 2:48
Corey Tropp 0 0 0 0 0 2 1 0 0 1 2/3 22:46 1:04 4:19
Fredrik Claesson 0 0 0 1 2 1 0 2 0 1 0/0 21:13 1:09 2:48
John Hayden 0 0 0 -1 2 1 0 1 0 1 3/4 11:32 0:00 0:00
Kevin Roy 0 2 2 2 0 1 1 0 0 0 4/7 15:56 0:55 0:00
Nicolas Roy 1 0 1 1 0 1 0 0 0 0 0/3 6:28 0:00 0:00
Niko Mikkola 0 0 0 1 0 0 0 0 0 0 0/0 11:45 0:00 0:00
Noah Juulsen 0 0 0 1 0 2 3 0 0 0 0/0 27:51 0:50 3:49
Oskar Lindblom 0 0 0 -1 0 4 0 0 2 0 0/0 12:08 0:00 0:00
Phillip Danault 0 1 1 1 0 1 3 3 0 0 0/2 18:35 1:04 1:25
Radek Faksa 0 0 0 0 0 0 2 2 0 1 14/34 21:58 1:04 4:27
Tanner Jeannot 0 1 1 1 6 0 1 0 0 0 0/0 7:26 0:00 0:00
Players Stats for Rocket
Player Name G A P +/- PIM S H SB GA TA FO MP PP MP PK MP
------------------------------------------------------------------------------------
Adam Fox 0 0 0 -1 2 2 0 2 2 0 0/0 26:10 3:38 0:00
Adrian Kempe 0 1 1 -2 0 6 0 0 0 0 1/2 21:09 3:58 0:41
Andrei Mironov 0 0 0 -2 0 5 0 3 1 1 0/0 26:34 3:38 0:37
Andrey Pedan 0 0 0 -2 0 0 2 0 0 0 0/0 13:29 0:00 0:58
Brandon Pirri 0 0 0 -1 0 1 3 1 0 0 0/0 17:40 2:39 0:00
Corey Trivino 0 1 1 -2 0 1 2 0 0 0 20/33 20:54 3:58 0:34
Danton Heinen 1 0 1 -1 0 6 2 0 1 0 0/3 21:04 3:58 0:00
Dean Kukan 0 1 1 -1 0 1 0 0 0 0 0/0 12:36 0:00 0:21
Dominic Turgeon 0 0 0 0 0 1 0 1 0 1 1/4 12:48 0:00 0:11
Dylan DeMelo 1 0 1 0 0 4 1 0 0 2 0/0 21:13 2:59 1:01
Jakub Vrana 0 0 0 0 0 0 5 0 0 0 0/0 7:53 0:00 0:00
Jiri Sekac 0 1 1 0 0 2 0 0 0 0 0/0 12:48 0:00 0:36
Karson Kuhlman 0 0 0 0 0 1 1 0 0 0 1/2 8:48 0:00 0:55
Kole Sherwood 0 0 0 0 0 2 2 0 0 0 0/0 7:53 0:00 0:00
Peter Holland 0 1 1 -1 0 9 2 0 0 0 7/9 18:01 2:39 0:00
Scott Wilson 0 1 1 -1 0 0 2 1 1 0 0/1 18:20 2:39 1:01
Ty Rattie 1 0 1 0 0 1 2 0 0 0 0/0 12:20 0:00 0:00
Viktor Loov 0 0 0 0 0 1 1 0 0 0 0/0 21:40 2:59 1:01
3 Stars
1 - Carter Ashton (Pro)
2 - Anton Blidh (Pro)
3 - Kevin Roy (Pro)
Power Play
Punishers - 0 on 1 Attempt(s) - 0.00%
Rocket - 2 on 5 Attempt(s) - 40.00%
Penalty Kill
Punishers - 3 on 5 Attempt(s) - 60.00%
- Score 0 goal in Penalty Kill
Rocket - 1 on 1 Attempt(s) - 100.00%
- Score 0 goal in Penalty Kill
Team Stat
Punishers - Hits : 19 - Faceoff Wins : 24 - Blocked Shots : 11 - Penalty Minutes : 10
Rocket - Hits : 25 - Faceoff Wins : 30 - Blocked Shots : 8 - Penalty Minutes : 2
Official
Referees : Wes McCauley and Kyle Rehman
Linesman : Matt MacPherson and Jesse Marquis
Game Notes
No Game Note
Finance
Level 1 -- Attendance: 1943 (97.15%) -- Ticket Income $68,005
Level 2 -- Attendance: 843 (84.30%) -- Ticket Income $12,645
Total Attendance: 2786 (92.87%)
Total Ticket Income: $80,650
Other Income: $4,032
Total Income: $84,682
Punishers
5 vs 5 Forward
Center Left Wing Right Wing Time % Phy DF OF
1 Radek Faksa Phillip Danault Corey Tropp 40 1 2 2
2 Kevin Roy Anton Blidh Carter Ashton 30 1 2 2
3 John Hayden Oskar Lindblom Austen Brassard 20 1 2 2
4 Nicolas Roy Tanner Jeannot Carson Meyer 10 1 2 2
5 vs 5 Defense
Defense Defense Time % Phy DF OF
1 Ben Betker Noah Juulsen 40 1 2 2
2 Fredrik Claesson Connor Clifton 30 1 2 2
3 Niko Mikkola Carson Meyer 20 1 2 2
4 Ben Betker Noah Juulsen 10 1 2 2
PowerPlay Forward
Center Left Wing Right Wing Time % Phy DF OF
1 Radek Faksa Phillip Danault Corey Tropp 60 1 2 2
2 Kevin Roy Anton Blidh Carter Ashton 40 1 2 2
PowerPlay Defense
Defense Defense Time % Phy DF OF
1 Ben Betker Noah Juulsen 60 1 2 2
2 Fredrik Claesson Connor Clifton 40 1 2 2
Penalty Kill 4 Players Forward
Center Wing Time % Phy DF OF
1 Radek Faksa Corey Tropp 60 1 2 2
2 Carter Ashton Phillip Danault 40 1 2 2
Penalty Kill 4 Players Defense
Defense Defense Time % Phy DF OF
1 Ben Betker Noah Juulsen 60 1 2 2
2 Fredrik Claesson Connor Clifton 40 1 2 2
Penalty Kill - 3 Players Forward
Forward Time % Phy DF OF
1 Radek Faksa 60 1 2 2
2 Corey Tropp 40 1 2 2
Penalty Kill - 3 Players Defense
Defense Defense Time % Phy DF OF
1 Ben Betker Noah Juulsen 60 1 2 2
2 Fredrik Claesson Connor Clifton 40 1 2 2
4 vs 4 Forward
Center Wing Time % Phy DF OF
1 Radek Faksa Corey Tropp 60 1 2 2
2 Carter Ashton Phillip Danault 40 1 2 2
4 vs 4 Defense
Defense Defense Time % Phy DF OF
1 Ben Betker Noah Juulsen 60 1 2 2
2 Fredrik Claesson Connor Clifton 40 1 2 2
Last Minutes Offensive
Center Left Wing Right Wing Defense Defense
Radek Faksa Phillip Danault Corey Tropp Ben Betker Noah Juulsen
Last Minutes Defensive
Center Left Wing Right Wing Defense Defense
Radek Faksa Phillip Danault Corey Tropp Ben Betker Noah Juulsen
Goaltenders
Starting : Louis Domingue
Backup : Daniel Altshuller
Extra Forwards
Normal : Alexander Nylander, Ben Meyers, Austen Brassard - PP : Alexander Nylander, Ben Meyers - PK : Austen Brassard
Extra Defensemen
Normal : Niko Mikkola, Fredrik Claesson, Connor Clifton - PP : Niko Mikkola - PK : Fredrik Claesson, Connor Clifton
Penalty Shots
Radek Faksa, Corey Tropp, Carter Ashton, Phillip Danault, Anton Blidh
Scratches
Daniel Audette (Healthy), John Quenneville (Dislocated Patella Injury), Kole Lind (Healthy), Artem Zub (Herniated Disc Injury), Beck Malenstyn (Healthy)
Rocket
5 vs 5 Forward
Center Left Wing Right Wing Time % Phy DF OF
1 Corey Trivino Adrian Kempe Danton Heinen 40 0 1 4
2 Peter Holland Brandon Pirri Scott Wilson 30 0 1 4
3 Dominic Turgeon Jiri Sekac Ty Rattie 20 0 2 3
4 Karson Kuhlman Jakub Vrana Kole Sherwood 10 1 2 2
5 vs 5 Defense
Defense Defense Time % Phy DF OF
1 Adam Fox Andrei Mironov 40 0 3 2
2 Viktor Loov Dylan DeMelo 30 0 3 2
3 Dean Kukan Andrey Pedan 20 0 3 2
4 Andrei Mironov Adam Fox 10 0 3 2
PowerPlay Forward
Center Left Wing Right Wing Time % Phy DF OF
1 Corey Trivino Adrian Kempe Danton Heinen 60 0 1 4
2 Peter Holland Brandon Pirri Scott Wilson 40 0 1 4
PowerPlay Defense
Defense Defense Time % Phy DF OF
1 Andrei Mironov Adam Fox 60 0 1 4
2 Viktor Loov Dylan DeMelo 40 0 1 4
Penalty Kill 4 Players Forward
Center Wing Time % Phy DF OF
1 Karson Kuhlman Scott Wilson 60 0 4 1
2 Dominic Turgeon Jiri Sekac 40 0 4 1
Penalty Kill 4 Players Defense
Defense Defense Time % Phy DF OF
1 Viktor Loov Dylan DeMelo 60 0 5 0
2 Andrey Pedan Andrei Mironov 40 0 5 0
Penalty Kill - 3 Players Forward
Forward Time % Phy DF OF
1 Dominic Turgeon 60 0 5 0
2 Karson Kuhlman 40 0 5 0
Penalty Kill - 3 Players Defense
Defense Defense Time % Phy DF OF
1 Viktor Loov Dean Kukan 60 0 5 0
2 Andrey Pedan Andrei Mironov 40 0 5 0
4 vs 4 Forward
Center Wing Time % Phy DF OF
1 Peter Holland Danton Heinen 60 1 2 2
2 Corey Trivino Adrian Kempe 40 1 2 2
4 vs 4 Defense
Defense Defense Time % Phy DF OF
1 Viktor Loov Adam Fox 60 1 2 2
2 Andrey Pedan Andrei Mironov 40 1 2 2
Last Minutes Offensive
Center Left Wing Right Wing Defense Defense
Corey Trivino Adrian Kempe Danton Heinen Adam Fox Dylan DeMelo
Last Minutes Defensive
Center Left Wing Right Wing Defense Defense
Corey Trivino Jiri Sekac Danton Heinen Andrei Mironov Andrey Pedan
Goaltenders
Starting : Igor Shesterkin
Backup : Eamon McAdam
Extra Forwards
Normal : Adrian Kempe, Danton Heinen, Brandon Pirri - PP : Danton Heinen, Adrian Kempe - PK : Jiri Sekac
Extra Defensemen
Normal : Adam Fox, Dylan DeMelo, Andrey Pedan - PP : Adam Fox - PK : Dean Kukan, Andrey Pedan
Penalty Shots
Brandon Pirri, Danton Heinen, Corey Trivino, Peter Holland, Adrian Kempe
Scratches
Branden Troock (Healthy), Dalton Smith (Healthy), Daniel Sprong (Healthy), Reese Johnson (Healthy), Guillaume Brisebois (Healthy)
Jack Glover (Healthy), Mason Appleton (Healthy), Ryan Collins (Healthy), Sergey Tolchinsky (Healthy), Tyler Lewington (Healthy)
MacKenzie Entwistle (Healthy), Luke Kunin (Healthy), Mikhail Maltsev (Healthy)
% Time on Ice - Punishers
Lines # - Real PCT - Wanted PCT - Time Play
Normal Forward
1 - 33% - 40% - 16:49
2 - 33% - 30% - 16:50
3 - 22% - 20% - 11:17
4 - 13% - 10% - 6:28
Normal Defense
1 - 37% - 40% - 18:47
2 - 33% - 30% - 16:59
3 - 23% - 20% - 11:45
4 - 8% - 10% - 3:53
PP Forward
1 - 54% - 60% - 1:04
2 - 46% - 40% - 0:55
PP Defense
1 - 42% - 60% - 0:50
2 - 58% - 40% - 1:09
PK Forward
1 - 79% - 60% - 5:12
2 - 21% - 40% - 1:25
PK Defense
1 - 58% - 60% - 3:49
2 - 42% - 40% - 2:48
PK3 Forward
1 - 0% - 60%
2 - 0% - 40%
PK3 Defense
1 - 0% - 60%
2 - 0% - 40%
44 Forward
1 - 78% - 60% - 0:39
2 - 22% - 40% - 0:11
44 Defense
1 - 64% - 60% - 0:32
2 - 36% - 40% - 0:18
Last Minute Offensive - 0:00
Last Minute Defensive - 0:00
Total
Forward - 60:50
Defense - 60:50
|
% Time on Ice - Rocket
Lines # - Real PCT - Wanted PCT - Time Play
Normal Forward
1 - 32% - 40% - 16:35
2 - 29% - 30% - 14:44
3 - 24% - 20% - 12:12
4 - 15% - 10% - 7:53
Normal Defense
1 - 38% - 40% - 19:29
2 - 34% - 30% - 17:16
3 - 24% - 20% - 12:05
4 - 5% - 10% - 2:34
PP Forward
1 - 60% - 60% - 3:58
2 - 40% - 40% - 2:39
PP Defense
1 - 55% - 60% - 3:38
2 - 45% - 40% - 2:59
PK Forward
1 - 91% - 60% - 1:48
2 - 9% - 40% - 0:11
PK Defense
1 - 51% - 60% - 1:01
2 - 49% - 40% - 0:58
PK3 Forward
1 - 0% - 60%
2 - 0% - 40%
PK3 Defense
1 - 0% - 60%
2 - 0% - 40%
44 Forward
1 - 76% - 60% - 0:38
2 - 24% - 40% - 0:12
44 Defense
1 - 54% - 60% - 0:27
2 - 46% - 40% - 0:23
Last Minute Offensive - 0:00
Last Minute Defensive - 0:00
Total
Forward - 60:50
Defense - 60:50
|
Play-by-Play
1st period
0:01 of 1st period - Radek Faksa wins face-off versus Corey Trivino in neutral zone.
0:27 of 1st period - Adam Fox is hit by Carter Ashton and loses puck.
0:54 of 1st period - Wrist shot by Kole Sherwood.
0:54 of 1st period - Shot Misses the Net.
0:56 of 1st period - Backhand shot by Karson Kuhlman.
0:56 of 1st period - Shot Misses the Net.
1:20 of 1st period - Slapshot by Dominic Turgeon.
1:20 of 1st period - Stopped by Louis Domingue without a rebound.
1:21 of 1st period - Radek Faksa wins face-off versus Corey Trivino in Punishers zone.
1:21 of 1st period - Radek Faksa is hit by Corey Trivino.
1:47 of 1st period - Carson Meyer is hit by Brandon Pirri and loses puck.
1:58 of 1st period - Slapshot by Scott Wilson.
1:58 of 1st period - Shot Misses the Net.
4:02 of 1st period - Snap shot by Oskar Lindblom.
4:02 of 1st period - Shot Misses the Net.
4:04 of 1st period - Slapshot by Ben Betker.
4:04 of 1st period - Shot Blocked by Andrei Mironov.
4:36 of 1st period - Adam Fox is hit by Noah Juulsen.
4:40 of 1st period - Wrist shot by Scott Wilson.
4:40 of 1st period - Shot Misses the Net.
4:42 of 1st period - Slapshot by Andrei Mironov.
4:42 of 1st period - Shot Misses the Net.
5:14 of 1st period - Fredrik Claesson is hit by Jakub Vrana and loses puck.
6:19 of 1st period - Anton Blidh is hit by Ty Rattie and loses puck.
6:35 of 1st period - Radek Faksa is hit by Karson Kuhlman and loses puck.
6:54 of 1st period - Wrist shot by Brandon Pirri.
6:54 of 1st period - Stopped by Louis Domingue without a rebound.
6:55 of 1st period - Kevin Roy wins face-off versus Peter Holland in Punishers zone.
7:40 of 1st period - Snap shot by Peter Holland.
7:40 of 1st period - Shot Misses the Net.
7:42 of 1st period - Wrist shot by Peter Holland.
7:42 of 1st period - Stopped by Louis Domingue without a rebound.
7:43 of 1st period - Radek Faksa wins face-off versus Corey Trivino in Punishers zone.
8:12 of 1st period - Snap shot by Oskar Lindblom.
8:12 of 1st period - Stopped by Igor Shesterkin without a rebound.
8:13 of 1st period - Radek Faksa wins face-off versus Dominic Turgeon in Rocket zone.
8:41 of 1st period - Snap shot by Adrian Kempe.
8:41 of 1st period - Shot Misses the Net.
9:29 of 1st period - Wrist shot by Scott Wilson.
9:29 of 1st period - Shot Misses the Net.
9:39 of 1st period - Wrist shot by Corey Tropp.
9:39 of 1st period - Shot Misses the Net.
9:41 of 1st period - Slapshot by Noah Juulsen.
9:41 of 1st period - Stopped by Igor Shesterkin with a rebound.
9:43 of 1st period - Snap shot by Noah Juulsen.
9:43 of 1st period - Stopped by Igor Shesterkin with a rebound.
10:39 of 1st period - Adam Fox is hit by Phillip Danault and loses puck.
11:00 of 1st period - Snap shot by Anton Blidh.
11:00 of 1st period - Stopped by Igor Shesterkin with a rebound.
11:02 of 1st period - Slapshot by Connor Clifton.
11:02 of 1st period - Stopped by Igor Shesterkin with a rebound.
11:14 of 1st period - Slapshot by Jiri Sekac.
11:14 of 1st period - Stopped by Louis Domingue with a rebound.
11:16 of 1st period - Snap shot by Danton Heinen.
11:16 of 1st period - Stopped by Louis Domingue without a rebound.
11:17 of 1st period - Corey Trivino wins face-off versus Radek Faksa in Punishers zone.
11:24 of 1st period - Snap shot by Adrian Kempe.
11:24 of 1st period - Shot Blocked by Phillip Danault.
11:26 of 1st period - Slapshot by Adrian Kempe.
11:26 of 1st period - Stopped by Louis Domingue with a rebound.
11:44 of 1st period - Kevin Roy is hit by Peter Holland and loses puck.
11:53 of 1st period - Wrist shot by Brandon Pirri.
11:53 of 1st period - Shot Misses the Net.
12:25 of 1st period - Jiri Sekac is hit by Tanner Jeannot and loses puck.
12:43 of 1st period - Wrist shot by Ty Rattie.
12:43 of 1st period - Shot Misses the Net.
13:14 of 1st period - Austen Brassard is hit by Danton Heinen and loses puck.
13:43 of 1st period - Snap shot by Carter Ashton.
13:43 of 1st period - Stopped by Igor Shesterkin with a rebound.
13:59 of 1st period - Slapshot by Kole Sherwood.
13:59 of 1st period - Stopped by Louis Domingue with a rebound.
14:11 of 1st period - Minor Penalty to Tanner Jeannot for Hooking.
14:12 of 1st period - Corey Trivino wins face-off versus Radek Faksa in Punishers zone.
14:39 of 1st period - Ben Betker is hit by Peter Holland and loses puck.
14:44 of 1st period - Wrist shot by Peter Holland.
14:44 of 1st period - Stopped by Louis Domingue without a rebound.
14:45 of 1st period - Peter Holland wins face-off versus Radek Faksa in Punishers zone.
14:46 of 1st period - Backhand shot by Brandon Pirri.
14:46 of 1st period - Shot Misses the Net.
14:48 of 1st period - Slapshot by Dylan DeMelo.
14:48 of 1st period - Deflect By Radek Faksa.
14:48 of 1st period - Stopped by Louis Domingue without a rebound.
14:49 of 1st period - Radek Faksa wins face-off versus Corey Trivino in Punishers zone.
15:18 of 1st period - Peter Holland is hit by Corey Tropp and loses puck.
15:35 of 1st period - Snap shot by Phillip Danault.
15:35 of 1st period - Stopped by Igor Shesterkin with a rebound.
16:09 of 1st period - Slapshot by Anton Blidh.
16:09 of 1st period - Stopped by Igor Shesterkin with a rebound.
16:11 of 1st period - Penalty to Tanner Jeannot is over, Tanner Jeannot is back on ice.
16:51 of 1st period - Slapshot by Ty Rattie.
16:51 of 1st period - Goal by Ty Rattie - Punishers : 0 - Rocket : 1.
16:52 of 1st period - Radek Faksa wins face-off versus Corey Trivino in neutral zone.
17:22 of 1st period - Andrei Mironov is hit by Anton Blidh and loses puck.
17:27 of 1st period - Snap shot by Carter Ashton.
17:27 of 1st period - Shot Blocked by Brandon Pirri.
17:29 of 1st period - Slapshot by Fredrik Claesson.
17:29 of 1st period - Stopped by Igor Shesterkin with a rebound.
18:15 of 1st period - Snap shot by Danton Heinen.
18:15 of 1st period - Deflect By Adrian Kempe.
18:15 of 1st period - Shot Misses the Net.
18:15 of 1st period - Puck is out of play.
18:16 of 1st period - Corey Trivino wins face-off versus Nicolas Roy in Punishers zone.
18:23 of 1st period - Slapshot by Noah Juulsen.
18:23 of 1st period - Shot Misses the Net.
18:25 of 1st period - Snap shot by Carson Meyer.
18:25 of 1st period - Stopped by Igor Shesterkin with a rebound.
18:33 of 1st period - Snap shot by Carson Meyer.
18:33 of 1st period - Stopped by Igor Shesterkin without a rebound.
18:34 of 1st period - Peter Holland wins face-off versus Radek Faksa in Rocket zone.
19:10 of 1st period - Snap shot by Danton Heinen.
19:10 of 1st period - Stopped by Louis Domingue without a rebound.
19:11 of 1st period - Kevin Roy wins face-off versus Danton Heinen in Punishers zone.
19:20 of 1st period - Snap shot by Kevin Roy.
19:20 of 1st period - Shot Misses the Net.
Goals for this period are 0 for Punishers vs 1 for Rocket.
Shots for this period are 11 for Punishers vs 11 for Rocket.
2nd period
0:01 of 2nd period - Corey Trivino wins face-off versus Radek Faksa in neutral zone.
0:08 of 2nd period - Snap shot by Danton Heinen.
0:08 of 2nd period - Shot Blocked by Ben Betker.
0:10 of 2nd period - Slapshot by Adam Fox.
0:10 of 2nd period - Deflect By Adrian Kempe.
0:10 of 2nd period - Shot Blocked by Ben Betker.
0:10 of 2nd period - Puck is out of play.
0:11 of 2nd period - Corey Trivino wins face-off versus Radek Faksa in Punishers zone.
0:12 of 2nd period - Snap shot by Adrian Kempe.
0:12 of 2nd period - Stopped by Louis Domingue without a rebound.
0:13 of 2nd period - Corey Trivino wins face-off versus Radek Faksa in Punishers zone.
0:23 of 2nd period - Slapshot by Adrian Kempe.
0:23 of 2nd period - Stopped by Louis Domingue with a rebound.
0:25 of 2nd period - Slapshot by Andrei Mironov.
0:25 of 2nd period - Stopped by Louis Domingue with a rebound.
0:27 of 2nd period - Slapshot by Adam Fox.
0:27 of 2nd period - Stopped by Louis Domingue with a rebound.
0:43 of 2nd period - Wrist shot by Anton Blidh.
0:43 of 2nd period - Stopped by Igor Shesterkin with a rebound.
0:45 of 2nd period - Slapshot by Ben Betker.
0:45 of 2nd period - Stopped by Igor Shesterkin with a rebound.
0:47 of 2nd period - Snap shot by Anton Blidh.
0:47 of 2nd period - Stopped by Igor Shesterkin with a rebound.
0:49 of 2nd period - Slapshot by Kevin Roy.
0:49 of 2nd period - Shot Blocked by Andrei Mironov.
1:05 of 2nd period - Wrist shot by Jiri Sekac.
1:05 of 2nd period - Shot Blocked by John Hayden.
1:07 of 2nd period - Minor Penalty to Fredrik Claesson for Holding.
1:08 of 2nd period - Radek Faksa wins face-off versus Corey Trivino in Punishers zone.
1:37 of 2nd period - Wrist shot by Peter Holland.
1:37 of 2nd period - Stopped by Louis Domingue with a rebound.
1:39 of 2nd period - Wrist shot by Dylan DeMelo.
1:39 of 2nd period - Goal by Dylan DeMelo - Punishers : 0 - Rocket : 2.
1:40 of 2nd period - Corey Trivino wins face-off versus Radek Faksa in neutral zone.
1:49 of 2nd period - Snap shot by Danton Heinen.
1:49 of 2nd period - Shot Blocked by Phillip Danault.
2:07 of 2nd period - Ben Betker is hit by Scott Wilson and loses puck.
2:16 of 2nd period - Snap shot by Carter Ashton.
2:16 of 2nd period - Stopped by Igor Shesterkin with a rebound.
2:28 of 2nd period - Carson Meyer is hit by Ty Rattie and loses puck.
2:39 of 2nd period - Snap shot by Tanner Jeannot.
2:39 of 2nd period - Deflect By Nicolas Roy.
2:39 of 2nd period - Goal by Nicolas Roy - Punishers : 1 - Rocket : 2.
2:40 of 2nd period - Corey Trivino wins face-off versus Phillip Danault in neutral zone.
2:51 of 2nd period - Slapshot by Adrian Kempe.
2:51 of 2nd period - Stopped by Louis Domingue with a rebound.
3:07 of 2nd period - Scott Wilson is hit by Noah Juulsen and loses puck.
3:27 of 2nd period - Snap shot by Carson Meyer.
3:27 of 2nd period - Stopped by Igor Shesterkin with a rebound.
3:29 of 2nd period - Snap shot by Connor Clifton.
3:29 of 2nd period - Shot Blocked by Adam Fox.
3:31 of 2nd period - Slapshot by Connor Clifton.
3:31 of 2nd period - Shot Blocked by Scott Wilson.
3:33 of 2nd period - Snap shot by Tanner Jeannot.
3:33 of 2nd period - Shot Misses the Net.
3:45 of 2nd period - Slapshot by Peter Holland.
3:45 of 2nd period - Stopped by Louis Domingue without a rebound.
3:46 of 2nd period - Corey Trivino wins face-off versus Radek Faksa in Punishers zone.
4:36 of 2nd period - Wrist shot by Oskar Lindblom.
4:36 of 2nd period - Stopped by Igor Shesterkin without a rebound.
4:37 of 2nd period - John Hayden wins face-off versus Adrian Kempe in Rocket zone.
4:38 of 2nd period - Wrist shot by Oskar Lindblom.
4:38 of 2nd period - Shot Misses the Net.
5:28 of 2nd period - Slapshot by Andrei Mironov.
5:28 of 2nd period - Deflect By Fredrik Claesson.
5:28 of 2nd period - Stopped by Louis Domingue without a rebound.
5:29 of 2nd period - Corey Trivino wins face-off versus Radek Faksa in Punishers zone.
6:02 of 2nd period - Snap shot by Carter Ashton.
6:02 of 2nd period - Stopped by Igor Shesterkin without a rebound.
6:03 of 2nd period - Peter Holland wins face-off versus Kevin Roy in Rocket zone.
6:08 of 2nd period - Slapshot by Carter Ashton.
6:08 of 2nd period - Stopped by Igor Shesterkin with a rebound.
6:12 of 2nd period - Snap shot by Carter Ashton.
6:12 of 2nd period - Stopped by Igor Shesterkin with a rebound.
6:14 of 2nd period - Snap shot by Anton Blidh.
6:14 of 2nd period - Goal by Anton Blidh - Punishers : 2 - Rocket : 2.
6:15 of 2nd period - Corey Tropp wins face-off versus Corey Trivino in neutral zone.
6:18 of 2nd period - Adrian Kempe is hit by Radek Faksa and loses puck.
6:29 of 2nd period - Snap shot by Adrian Kempe.
6:29 of 2nd period - Stopped by Louis Domingue with a rebound.
6:31 of 2nd period - Slapshot by Andrei Mironov.
6:31 of 2nd period - Stopped by Louis Domingue with a rebound.
6:45 of 2nd period - Snap shot by Dominic Turgeon.
6:45 of 2nd period - Shot Blocked by Phillip Danault.
6:49 of 2nd period - Slapshot by Jiri Sekac.
6:49 of 2nd period - Shot Misses the Net.
6:51 of 2nd period - Snap shot by Dominic Turgeon.
6:51 of 2nd period - Shot Misses the Net.
6:53 of 2nd period - Slapshot by Dean Kukan.
6:53 of 2nd period - Stopped by Louis Domingue with a rebound.
7:05 of 2nd period - Kevin Roy is hit by Brandon Pirri and loses puck.
7:14 of 2nd period - Brandon Pirri is hit by Carter Ashton and loses puck.
8:09 of 2nd period - Brandon Pirri is hit by Carson Meyer and loses puck.
8:24 of 2nd period - Slapshot by Peter Holland.
8:24 of 2nd period - Stopped by Louis Domingue with a rebound.
8:30 of 2nd period - Slapshot by Peter Holland.
8:30 of 2nd period - Stopped by Louis Domingue with a rebound.
8:32 of 2nd period - Slapshot by Andrei Mironov.
8:32 of 2nd period - Stopped by Louis Domingue without a rebound.
8:33 of 2nd period - Radek Faksa wins face-off versus Corey Trivino in Punishers zone.
8:48 of 2nd period - Off-side.
8:49 of 2nd period - Kevin Roy wins face-off versus Corey Trivino in neutral zone.
8:54 of 2nd period - Wrist shot by Carter Ashton.
8:54 of 2nd period - Goal by Carter Ashton - Punishers : 3 - Rocket : 2.
8:55 of 2nd period - Radek Faksa wins face-off versus Danton Heinen in neutral zone.
8:58 of 2nd period - Andrei Mironov is hit by Phillip Danault and loses puck.
9:31 of 2nd period - Wrist shot by Jiri Sekac.
9:31 of 2nd period - Stopped by Louis Domingue with a rebound.
9:50 of 2nd period - Dylan DeMelo is hit by Noah Juulsen and loses puck.
10:04 of 2nd period - Off-side.
10:05 of 2nd period - Peter Holland wins face-off versus Nicolas Roy in neutral zone.
11:16 of 2nd period - Wrist shot by Austen Brassard.
11:16 of 2nd period - Shot Blocked by Adam Fox.
11:32 of 2nd period - Minor Penalty to John Hayden for Diving.
11:33 of 2nd period - Corey Trivino wins face-off versus Radek Faksa in Punishers zone.
11:40 of 2nd period - Snap shot by Danton Heinen.
11:40 of 2nd period - Goal by Danton Heinen - Punishers : 3 - Rocket : 3.
11:41 of 2nd period - Corey Trivino wins face-off versus Radek Faksa in neutral zone.
11:43 of 2nd period - Off-side.
11:44 of 2nd period - Radek Faksa wins face-off versus Corey Trivino in neutral zone.
11:49 of 2nd period - Snap shot by Radek Faksa.
11:49 of 2nd period - Shot Blocked by Andrei Mironov.
12:34 of 2nd period - Off-side.
12:35 of 2nd period - John Hayden wins face-off versus Dominic Turgeon in neutral zone.
12:38 of 2nd period - Slapshot by Connor Clifton.
12:38 of 2nd period - Stopped by Igor Shesterkin with a rebound.
12:46 of 2nd period - Wrist shot by Jiri Sekac.
12:46 of 2nd period - Shot Blocked by Fredrik Claesson.
12:48 of 2nd period - Slapshot by Dylan DeMelo.
12:48 of 2nd period - Stopped by Louis Domingue with a rebound.
12:50 of 2nd period - Slapshot by Dominic Turgeon.
12:50 of 2nd period - Shot Misses the Net.
12:57 of 2nd period - Icing by Fredrik Claesson.
12:58 of 2nd period - John Hayden wins face-off versus Danton Heinen in Punishers zone.
13:33 of 2nd period - Snap shot by Jiri Sekac.
13:33 of 2nd period - Shot Blocked by Radek Faksa.
14:15 of 2nd period - Snap shot by John Hayden.
14:15 of 2nd period - Stopped by Igor Shesterkin without a rebound.
14:16 of 2nd period - Corey Trivino wins face-off versus Nicolas Roy in Rocket zone.
14:44 of 2nd period - Icing by Anton Blidh.
14:45 of 2nd period - Peter Holland wins face-off versus Kevin Roy in Punishers zone.
14:46 of 2nd period - Snap shot by Brandon Pirri.
14:46 of 2nd period - Shot Misses the Net.
14:52 of 2nd period - Wrist shot by Peter Holland.
14:52 of 2nd period - Stopped by Louis Domingue without a rebound.
14:53 of 2nd period - Corey Trivino wins face-off versus Radek Faksa in Punishers zone.
15:02 of 2nd period - Snap shot by Corey Tropp.
15:02 of 2nd period - Shot Misses the Net.
15:20 of 2nd period - Andrei Mironov is hit by Kevin Roy and loses puck.
16:03 of 2nd period - Fredrik Claesson is hit by Jakub Vrana and loses puck.
16:26 of 2nd period - Snap shot by Danton Heinen.
16:26 of 2nd period - Stopped by Louis Domingue with a rebound.
16:28 of 2nd period - Slapshot by Danton Heinen.
16:28 of 2nd period - Shot Blocked by Fredrik Claesson.
17:13 of 2nd period - Snap shot by Oskar Lindblom.
17:13 of 2nd period - Shot Blocked by Dominic Turgeon.
18:08 of 2nd period - Snap shot by Danton Heinen.
18:08 of 2nd period - Deflect By Carter Ashton.
18:08 of 2nd period - Stopped by Louis Domingue with a rebound.
18:40 of 2nd period - Niko Mikkola is hit by Kole Sherwood and loses puck.
18:49 of 2nd period - Wrist shot by Adam Fox.
18:49 of 2nd period - Shot Blocked by Radek Faksa.
18:59 of 2nd period - Snap shot by Corey Tropp.
18:59 of 2nd period - Shot Misses the Net.
19:01 of 2nd period - Snap shot by Kevin Roy.
19:01 of 2nd period - Deflect By Carter Ashton.
19:01 of 2nd period - Shot Misses the Net.
19:01 of 2nd period - Puck is out of play.
19:02 of 2nd period - Corey Trivino wins face-off versus Kevin Roy in Rocket zone.
19:10 of 2nd period - Snap shot by Carter Ashton.
19:10 of 2nd period - Shot Misses the Net.
19:12 of 2nd period - Slapshot by Connor Clifton.
19:12 of 2nd period - Shot Misses the Net.
19:14 of 2nd period - Snap shot by Connor Clifton.
19:14 of 2nd period - Stopped by Igor Shesterkin with a rebound.
19:16 of 2nd period - Wrist shot by Carter Ashton.
19:16 of 2nd period - Stopped by Igor Shesterkin without a rebound.
19:17 of 2nd period - Radek Faksa wins face-off versus Corey Trivino in Rocket zone.
19:20 of 2nd period - Slapshot by Corey Tropp.
19:20 of 2nd period - Stopped by Igor Shesterkin without a rebound.
19:21 of 2nd period - Radek Faksa wins face-off versus Corey Trivino in Rocket zone.
19:30 of 2nd period - Adrian Kempe is hit by Radek Faksa and loses puck.
19:51 of 2nd period - Wrist shot by Carter Ashton.
19:51 of 2nd period - Deflect By Kevin Roy.
19:51 of 2nd period - Stopped by Igor Shesterkin with a rebound.
Goals for this period are 3 for Punishers vs 2 for Rocket.
Shots for this period are 18 for Punishers vs 21 for Rocket.
3rd period
0:01 of 3rd period - Radek Faksa wins face-off versus Corey Trivino in neutral zone.
0:04 of 3rd period - Snap shot by Corey Tropp.
0:04 of 3rd period - Stopped by Igor Shesterkin without a rebound.
0:05 of 3rd period - Adrian Kempe wins face-off versus Corey Tropp in Rocket zone.
0:20 of 3rd period - Adrian Kempe is hit by Ben Betker and loses puck.
0:38 of 3rd period - Ben Betker is hit by Brandon Pirri.
0:42 of 3rd period - Snap shot by Peter Holland.
0:42 of 3rd period - Stopped by Louis Domingue with a rebound.
0:54 of 3rd period - Wrist shot by Karson Kuhlman.
0:54 of 3rd period - Deflect By Kole Sherwood.
0:54 of 3rd period - Stopped by Louis Domingue with a rebound.
0:56 of 3rd period - Slapshot by Dylan DeMelo.
0:56 of 3rd period - Deflect By Austen Brassard.
0:56 of 3rd period - Stopped by Louis Domingue without a rebound.
0:57 of 3rd period - Austen Brassard wins face-off versus Karson Kuhlman in Punishers zone.
0:57 of 3rd period - Austen Brassard is hit by Dylan DeMelo.
1:21 of 3rd period - Jakub Vrana is hit by Carson Meyer and loses puck.
1:32 of 3rd period - Backhand shot by Oskar Lindblom.
1:32 of 3rd period - Stopped by Igor Shesterkin without a rebound.
1:33 of 3rd period - Corey Trivino wins face-off versus Phillip Danault in Rocket zone.
1:46 of 3rd period - Snap shot by Corey Trivino.
1:46 of 3rd period - Shot Misses the Net.
1:48 of 3rd period - Slapshot by Andrei Mironov.
1:48 of 3rd period - Stopped by Louis Domingue without a rebound.
1:49 of 3rd period - Kevin Roy wins face-off versus Peter Holland in Punishers zone.
1:49 of 3rd period - Kevin Roy is hit by Scott Wilson.
3:05 of 3rd period - Snap shot by Carson Meyer.
3:05 of 3rd period - Stopped by Igor Shesterkin with a rebound.
3:19 of 3rd period - Minor Penalty to Tanner Jeannot for Hooking.
3:20 of 3rd period - Corey Trivino wins face-off versus Radek Faksa in Punishers zone.
3:25 of 3rd period - Snap shot by Danton Heinen.
3:25 of 3rd period - Shot Blocked by Connor Clifton.
3:27 of 3rd period - Snap shot by Corey Trivino.
3:27 of 3rd period - Shot Misses the Net.
3:29 of 3rd period - Wrist shot by Adrian Kempe.
3:29 of 3rd period - Stopped by Louis Domingue without a rebound.
3:30 of 3rd period - Corey Trivino wins face-off versus Radek Faksa in Punishers zone.
3:59 of 3rd period - Snap shot by Corey Trivino.
3:59 of 3rd period - Stopped by Louis Domingue with a rebound.
4:01 of 3rd period - Slapshot by Adam Fox.
4:01 of 3rd period - Stopped by Louis Domingue without a rebound.
4:02 of 3rd period - Peter Holland wins face-off versus Radek Faksa in Punishers zone.
4:09 of 3rd period - Snap shot by Brandon Pirri.
4:09 of 3rd period - Deflect By Corey Tropp.
4:09 of 3rd period - Shot Misses the Net.
4:09 of 3rd period - Puck is out of play.
4:10 of 3rd period - Corey Tropp wins face-off versus Scott Wilson in Punishers zone.
5:19 of 3rd period - Penalty to Tanner Jeannot is over, Tanner Jeannot is back on ice.
6:39 of 3rd period - Slapshot by Dylan DeMelo.
6:39 of 3rd period - Shot Misses the Net.
6:41 of 3rd period - Snap shot by Peter Holland.
6:41 of 3rd period - Stopped by Louis Domingue with a rebound.
6:43 of 3rd period - Wrist shot by Scott Wilson.
6:43 of 3rd period - Shot Misses the Net.
6:55 of 3rd period - Minor Penalty to Tanner Jeannot for Holding.
6:56 of 3rd period - Corey Trivino wins face-off versus Radek Faksa in Punishers zone.
8:55 of 3rd period - Penalty to Tanner Jeannot is over, Tanner Jeannot is back on ice.
9:32 of 3rd period - Slapshot by Fredrik Claesson.
9:32 of 3rd period - Shot Misses the Net.
9:44 of 3rd period - Carson Meyer is hit by Andrey Pedan and loses puck.
10:09 of 3rd period - Dylan DeMelo is hit by Anton Blidh and loses puck.
10:26 of 3rd period - Icing by Noah Juulsen.
10:27 of 3rd period - Dominic Turgeon wins face-off versus John Hayden in Punishers zone.
10:28 of 3rd period - Wrist shot by Jiri Sekac.
10:28 of 3rd period - Deflect By Ty Rattie.
10:28 of 3rd period - Shot Misses the Net.
10:28 of 3rd period - Puck is out of play.
10:29 of 3rd period - Radek Faksa wins face-off versus Dominic Turgeon in Punishers zone.
10:54 of 3rd period - Niko Mikkola is hit by Corey Trivino.
11:04 of 3rd period - Snap shot by Oskar Lindblom.
11:04 of 3rd period - Stopped by Igor Shesterkin without a rebound.
11:05 of 3rd period - Corey Trivino wins face-off versus Radek Faksa in Rocket zone.
11:05 of 3rd period - Corey Trivino is hit by Phillip Danault.
12:01 of 3rd period - Kevin Roy is hit by Jakub Vrana.
12:05 of 3rd period - Carter Ashton is hit by Kole Sherwood and loses puck.
12:28 of 3rd period - Snap shot by Oskar Lindblom.
12:28 of 3rd period - Shot Misses the Net.
12:30 of 3rd period - Snap shot by John Hayden.
12:30 of 3rd period - Shot Misses the Net.
12:53 of 3rd period - Minor Penalty to Adam Fox for High sticking.
12:54 of 3rd period - Karson Kuhlman wins face-off versus Radek Faksa in Rocket zone.
12:58 of 3rd period - Wrist shot by Viktor Loov.
12:58 of 3rd period - Stopped by Louis Domingue with a rebound.
13:00 of 3rd period - Snap shot by Dylan DeMelo.
13:00 of 3rd period - Shot Misses the Net.
13:04 of 3rd period - Slapshot by Karson Kuhlman.
13:04 of 3rd period - Stopped by Louis Domingue with a rebound.
13:10 of 3rd period - Wrist shot by Scott Wilson.
13:10 of 3rd period - Shot Hit the Post.
14:53 of 3rd period - Penalty to Adam Fox is over, Adam Fox is back on ice.
15:05 of 3rd period - Jiri Sekac is hit by Ben Betker and loses puck.
16:15 of 3rd period - Connor Clifton is hit by Jakub Vrana and loses puck.
17:08 of 3rd period - Wrist shot by Danton Heinen.
17:08 of 3rd period - Stopped by Louis Domingue with a rebound.
17:18 of 3rd period - Slapshot by Ben Betker.
17:18 of 3rd period - Stopped by Igor Shesterkin with a rebound.
17:30 of 3rd period - Kevin Roy is hit by Jakub Vrana and loses puck.
17:50 of 3rd period - Radek Faksa is hit by Danton Heinen.
18:12 of 3rd period - Carson Meyer is hit by Viktor Loov.
18:41 of 3rd period - Connor Clifton is hit by Andrey Pedan and loses puck.
Goals for this period are 0 for Punishers vs 0 for Rocket.
Shots for this period are 5 for Punishers vs 11 for Rocket.
Overtime #1
0:01 of 1st overtime period - Peter Holland wins face-off versus Radek Faksa in neutral zone.
0:50 of 1st overtime period - Snap shot by Carter Ashton.
0:50 of 1st overtime period - Goal by Carter Ashton - Punishers : 4 - Rocket : 3.
Goals for this period are 1 for Punishers vs 0 for Rocket.
Shots for this period are 1 for Punishers vs 0 for Rocket.